 Dungeon Crawl Stone Soup version 0.31-a0-236-g9a0961fb85 (webtiles) character file.

Game seed: 12545476947302609796

27 qw the Shooter (level 3, 0/21 HPs)
             Began as a Gargoyle Hexslinger on July 10, 2023.
             Slain by Jessica
             ... wielding a +0 club
              (1 damage)
             ... on level 1 of the Dungeon.
             The game lasted 00:00:17 (697 turns).

qw the Shooter (Gargoyle Hexslinger)                 Turns: 697, Time: 00:00:18

Health: 0/21       AC:  8    Str: 11    XL:     3   Next: 10%
Magic:  4/4        EV: 10    Int: 13    God:
Gold:   34         SH:  0    Dex: 14    Spells: 3/4 levels left

rFire   . . .        Y - +1 sling
rCold   + . .        (no shield)
rNeg    + . .        h - +0 ring mail
rPois   inf          (no helmet)
rElec   +            (no cloak)
rCorr   .            (no gloves)
SInv    .            (no boots)
Will    .....        (no amulet)
Stlth   +            f - ring of protection from cold
HPRegen 0.23/turn    (no ring)
MPRegen 0.09/turn

%: no passive effects
@: no status effects
A: sickness immunity, AC +3, negative energy resistance 1, electricity
resistance, torment resistance 1, petrification resistance
a: no special abilities


You were on level 1 of the Dungeon.
You visited 1 branch of the dungeon, and saw 2 of its levels.

You collected 34 gold pieces.


Innate Abilities, Weirdness & Mutations

You are immune to sickness and miasma.
Your stone body is resilient. (AC +3)
You are immune to poison.
You resist negative energy. (rN+)
You are resistant to electric shocks. (rElec)
You are resistant to unholy torment.
You are immune to petrification.


   Skills:
 - Level 2.0 Fighting
 + Level 3.1 Ranged Weapons
 - Level 1.5 Dodging
 - Level 1.0 Spellcasting
 - Level 2.6 Hexes


You had 3 spell levels left.
You knew the following spells:

 Your Spells              Type           Power      Damage    Failure   Level
a - Slow                  Hex            28%        N/A       22%         1

Your spell library contained the following spells:

 Spells                   Type           Power      Damage    Failure   Level
 Inner Flame              Hex/Fire       4%         N/A       75%         3
 Portal Projectile        Hex/Tloc       8%         N/A       75%         3
 Cause Fear               Hex            3%         N/A       92%         4

Inventory:

Hand Weapons
 Y - a +1 sling (weapon)
Armour
 h - a +0 ring mail (worn)
Jewellery
 f - a ring of protection from cold (left hand)
Scrolls
 e - 2 scrolls of identify

Dungeon Overview and Level Annotations

Branches:
Dungeon (2/15)

Altars:

Shops:
D:1 !

Annotations:
D:1 Jessica


Message History

The sling bullet closely misses Jessica.
Jessica barely misses you.
The jackal bites you but does no damage.
Jessica barely misses you.
You shoot a sling bullet. The sling bullet hits Jessica.
Jessica is lightly wounded.
Jessica hits you with a +0 club. The jackal bites you.
Jessica barely misses you. The jackal bites you.
You shoot a sling bullet.
The sling bullet hits Jessica but does no damage.
Jessica is lightly wounded.
Jessica gestures at you while chanting. Pain shoots through your body!
The jackal bites you.
Jessica points at you and mumbles some strange words.
You resist with some effort.
The jackal bites you but does no damage.
Jessica closely misses you.
You shoot a sling bullet. The sling bullet barely misses Jessica.
The jackal bites you but does no damage.
Jessica hits you but does no damage.
The jackal bites you but does no damage.
Jessica closely misses you.
You shoot a sling bullet.
The sling bullet hits Jessica but does no damage.
Jessica is lightly wounded.
The jackal closely misses you. Jessica hits you with a +0 club.
The jackal bites you but does no damage.
Jessica barely misses you.
You shoot a sling bullet. The sling bullet hits Jessica.
Jessica is lightly wounded.
The jackal bites you.
Jessica mumbles some strange words.
Jessica blinks!
The jackal barely misses you. Jessica casts a spell at you.
You resist with some effort.
You shoot a sling bullet.
The sling bullet completely misses the jackal.
The jackal bites you but does no damage.
The jackal barely misses you. Jessica hits you with a +0 club.
You die...

###.##..#.####.###.............#.
....##..........#..###.#.###...#<
.#####..#.#####..#.###.#.# #.....
.###.........)...#.#>....# #####.
.##..>....#.###.##.#.#.#.########
.##.........#....................
.##......#...........#.#.#######.
........###..#.h##.......#######.
#####....#..###.@@..##.#.......#\
#####..#...#.#.ยค###.##.#######...
.........#....#.###.##.# ###.
.####..#...####.....)..# #. )#
#..##.#####..##.#### ## .#
#...............# .#
#####.###.####### .# #.# #.# .#
#.# #.#


You could see Jessica (fast) and a jackal.

Vanquished Creatures
  4 ball pythons (D:1)
  A bat (D:1)
  An endoplasm (D:1)
  A giant cockroach (D:1)
  4 goblins (D:1)
  2 hobgoblins (D:1)
  2 jackals (D:2)
  A quokka (D:1)
  A kobold (D:1)
  8 rats (D:1)
25 creatures vanquished.

Notes
Turn   | Place    | Note
-------+----------+-------------------------------------------
     0 | D:1      | qw the Gargoyle Hexslinger began the quest for the Orb.
     0 | D:1      | Reached XP level 1. HP: 12/12 MP: 2/2
     0 | D:1      | 0 ||| qw: Version: 0.3-a-52-g30416fa
     0 | D:1      | 0 ||| qw: Game counter: 4588
     0 | D:1      | 0 ||| qw: Melee chars always use a shield: true
     0 | D:1      | 0 ||| qw: God list: Okawaru
     0 | D:1      | 0 ||| qw: Allow faded altars: false
     0 | D:1      | 0 ||| qw: Do Orc after clearing Dungeon:15 true
     0 | D:1      | 0 ||| qw: Do second Lair branch before Depths: true
     0 | D:1      | 0 ||| qw: Lair rune preference: random
     0 | D:1      | 0 ||| qw: Goals: Normal
     0 | D:1      | 0 ||| PLANNING D:1-11
    69 | D:1      | Reached XP level 2. HP: 16/16 MP: 3/3
   102 | D:1      | Found a faded altar of an unknown god.
   182 | D:1      | Reached skill level 3 in Ranged Weapons
   278 | D:1      | Found Cilucv Wuki's Distillery.
   283 | D:1      | 283 ||| SHOPLISTING 2 potions of might (88 gold, have 32).
   283 | D:1      | 283 ||| SHOPLISTING potion of cancellation (88 gold, have
                  | 32).
   283 | D:1      | 283 ||| SHOPLISTING potion of curing (33 gold, have 32).
   283 | D:1      | 283 ||| SHOPLISTING potion of might (44 gold, have 32).
   283 | D:1      | 283 ||| SHOPLISTING potion of mutation (88 gold, have 32).
   529 | D:1      | Reached XP level 3. HP: 21/21 MP: 4/4
   625 | D:1      | 625 ||| UPGRADING to +0 ring mail.
   635 | D:1      | 635 ||| DROPPING +0 robe.
   636 | D:1      | 636 ||| UPGRADING to ring of protection from cold.
   637 | D:1      | 637 ||| READING scroll labelled KYRONO GEMOYD.
   638 | D:1      | 638 ||| READING 3 scrolls labelled ALOCZY COST.
   639 | D:1      | 639 ||| READING scroll labelled GOVECS SABLABB.
   640 | D:1      | 640 ||| DROPPING scroll of poison.
   680 | D:2      | Noticed Jessica
   689 | D:2      | 689 ||| STAIRDANCE
   692 | D:1      | HP: 5/21 [jackal (2)]
   693 | D:1      | HP: 2/21 [jackal (2)]
   697 | D:1      | Slain by Jessica

Levels and vault maps discovered:
D:1:      dpeg_arrival_ratfight, layout_loops_ring, serial_shops, shop,
          ebering_ecumenical_altar_sacrificial, grunt_decor_one_mirror
D:2:      layout_loops_cross, basic_altar, uniq_jessica

Skill      XL: |  1  2  3 |
---------------+----------+-----
Ranged Weapons | 3 |  3.1
Fighting       | 2 |  2.0
Dodging        | |  1.5
Spellcasting   | |  1.0
Hexes          | |  2.6

Action                     || total
---------------------------++-------
   Fire: Sling             ||    70
    Use: Scroll            ||     3
 Armour: Robe              ||     4
         Ring mail         ||    16
  Dodge: Dodged            ||    25

Table legend:
 A = Non-vault XP
 B = Vault XP
 C = Vault XP percentage of total XP
 D = Non-vault monster count
 E = Vault monster count
 F = Vault count percentage of total count
                 A         B        C        D         E       F
            +---------+---------+-------+---------+---------+-------
      Total |      34 |       5 |  12.8 |      20 |       5 |  20.0
            +---------+---------+-------+---------+---------+-------
        D:1 |      30 |       5 |  14.3 |      18 |       5 |  21.7
        D:2 |       4 |       0 |   0.0 |       2 |       0 |   0.0
            +---------+---------+-------+---------+---------+-------
